 Dungeon Crawl Stone Soup version 0.22-a0-872-g6a232dd (webtiles) character file.

70 prawnwizard the Slasher (level 4, 0/35 HPs)
             Began as a Demonspawn Monk on July 28, 2018.
             Was a Believer of Ru.
             Succumbed to a kobold's poison
             ... on level 3 of the Dungeon.
             The game lasted 00:04:06 (2307 turns).

prawnwizard the Slasher (Demonspawn Monk)           Turns: 2307, Time: 00:04:06

Health: 0/35       AC:  8    Str: 12    XL:     4   Next: 4%
Magic:  4/4        EV:  7    Int: 12    God:    Ru [**....]
Gold:   114        SH:  0    Dex: 15    Spells: 3/3 levels left

rFire    . . .     SeeInvis .   a - +0 falchion
rCold    . . .     Gourm    .   (no shield)
rNeg     . . .     Faith    .   i - +0 chain mail
rPois    .         Spirit   .   (no helmet)
rElec    .         Reflect  .   (no cloak)
rCorr    .         Harm     .   (no gloves)
MR       .....                  (no boots)
Stlth    ..........             (no amulet)
HPRegen  0.11/turn              (no ring)
MPRegen  0.09/turn              (no ring)

@: lethally poisoned (0 -> -5)
A: rot immunity, unskilled 1, sturdy frame 1
a: Renounce Religion


You were on level 3 of the Dungeon.
You worshipped Ru.
Ru was pleased with you.
You were not hungry.

You visited 1 branch of the dungeon, and saw 3 of its levels.

You collected 114 gold pieces.

Inventory:

Hand Weapons
 a - a +0 falchion (weapon)
Armour
 b - a +0 robe
 i - a +0 chain mail (worn)
Jewellery
 k - an uncursed ring of positive energy {unknown}
 n - a +3 ring of slaying {unknown}
Scrolls
 f - 3 scrolls of teleportation {unknown}
 j - a scroll of identify {unknown}
 o - 2 scrolls of remove curse {unknown}
Potions
 d - a potion of berserk rage {unknown}
 e - 2 potions of degeneration {unknown}
 h - a potion of heal wounds {unknown}
 l - a potion of mutation {unknown}
 m - a potion of resistance {unknown}
Comestibles
 c - 12 rations
 g - 3 chunks of flesh


   Skills:
 + Level 3.2 Fighting
 * Level 3.3 Long Blades
 + Level 2.9 Dodging
 - Level 1.5 Stealth


You had 3 spell levels left.
You didn't know any spells.
Your spell library was empty.

Dungeon Overview and Level Annotations

Branches:
Dungeon (3/15)

Altars:
Ashenzari
Hepliaklqana
Kikubaaqudgha
Ru
Sif Muna
Xom
Yredelemnul
The Shining One


Innate Abilities, Weirdness & Mutations

You are immune to rotting.
You are somewhat unskilled. (-1 Apt)
Your movements are slightly less encumbered by armour. (ER -2)


Message History

The poisoned needle barely misses you.
The kobold shoots a poisoned needle.
The poisoned needle hits you!
You are lethally poisoned!
You see here a poisoned needle.
* * * LOW HITPOINT WARNING * * *
You feel sick.
The goblin unwields an uncursed club.
The goblin wields a hunting sling.
The goblin shoots a stone.
The stone hits you but does no damage.
You see here a stone.
* * * LOW HITPOINT WARNING * * *
You feel sick.
The goblin shoots a stone.
The stone barely misses you.
You hear the slow rusting of a very distant drain.
* * * LOW HITPOINT WARNING * * *
You feel sick.
You see here a mace.
* * * LOW HITPOINT WARNING * * *
You feel sick.
The goblin shoots a stone.
The stone hits you.
* * * LOW HITPOINT WARNING * * *
You die...

###..(.................
....................###
....##.######.#.......#
######.# #.#.#####.#
#.# #.#.# .# #.# #.#.#
.# ..# #.#.# .# ###
#.#.#####.# #.<.@.....#
#..###...## ####
#..####).# ....
#........# ..#..
##.##(...#######.....
#. #.##(g((ghKw..... #.
#.##.#####o..[...
#.##.# #...≈≈≈≈. #....#
#(.8≈≈≈≈.


There were no monsters in sight!

Vanquished Creatures
  An adder (D:2)
  A worm (D:2)
  4 leopard geckos (D:1)
  An orc (D:3)
  2 giant cockroaches (D:1)
  2 goblins (D:1)
  7 hobgoblins
  3 jackals (D:3)
  6 kobolds
  6 bats
  2 frilled lizards
  20 rats
55 creatures vanquished.

Notes
Turn   | Place    | Note
-------+----------+-------------------------------------------
     0 | D:1      | prawnwizard the Demonspawn Monk began the quest for the Orb.
     0 | D:1      | Reached XP level 1. HP: 18/18 MP: 1/1
    30 | D:1      | Gained mutation: Your movements are slightly less encumbered by armour. (ER -2) [demonic ancestry]
    30 | D:1      | Reached XP level 2. HP: 10/24 MP: 2/2
   966 | D:1      | Gained mutation: You are immune to rotting. [demonic ancestry]
   966 | D:1      | Reached XP level 3. HP: 29/29 MP: 3/3
  1784 | D:2      | Found an ancient bone altar of Kikubaaqudgha.
  1785 | D:2      | Found a sacrificial altar of Ru.
  1787 | D:2      | Found a deep blue altar of Sif Muna.
  1787 | D:2      | Found a glowing golden altar of the Shining One.
  1787 | D:2      | Found a basalt altar of Yredelemnul.
  1787 | D:2      | Found a shimmering altar of Xom.
  1787 | D:2      | Found a hazy altar of Hepliaklqana.
  1788 | D:2      | Found a shattered altar of Ashenzari.
  1795 | D:2      | Became a worshipper of Ru the Awakened
  1807 | D:2      | Gained mutation: You are somewhat unskilled. (-1 Apt) [Ru sacrifice]
  1807 | D:2      | Reached * piety under Ru
  1807 | D:2      | Reached ** piety under Ru
  2285 | D:3      | Reached XP level 4. HP: 24/35 MP: 4/4
  2306 | D:3      | HP: 1/35 [goblin/stone (2)]
  2307 | D:3      | Succumbed to a kobold's poison

Vault maps used:
D:1:      erik_arrival_orb_chamber, minmay_misc_feat_roman,
          kennysheep_minor_cross
D:2:      grunt_temple_overflow_open
D:3:      first_ration, gup_sewer_entry_spiral, serial_park_tiny_pond,
          serial_bayou_pond_c

Skill      XL: |  1  2  3 |
---------------+----------+-----
Long Blades    | 3 |  3.3
Dodging        | 3 2 |  2.9
Fighting       | |  3.2
Stealth        | |  1.5

Action                   |  1- 3 |  4- 6 || total
-------------------------+-------+-------++-------
Melee: Falchion          |   161 |    11 ||   172
Invok: Sacrifice Skill   |     1 |       ||     1
 Stab: Sleeping          |     4 |       ||     4
  Eat: Chunk             |     5 |       ||     5
Armor: Robe              |    17 |       ||    17
       Chain mail        |    38 |     4 ||    42
Dodge: Dodged            |   105 |     6 ||   111
       Rpst.: Falchion   |    29 |       ||    29

Table legend:
 A = Spawn XP
 B = Non-spawn XP
 C = Spawn XP percentage of total XP
 D = Spawn monster count
 E = Non-spawn monster count
 F = Spawn count percentage of total count
 G = Total turns spent on level
                    A         B        C        D         E        F      G
               +---------+---------+-------+---------+---------+-------+---------
         Total |       0 |     101 |   0.0 |       0 |      55 |   0.0 |  2307
               +---------+---------+-------+---------+---------+-------+---------
           D:1 |       0 |      52 |   0.0 |       0 |      36 |   0.0 |  1710
           D:2 |       0 |      37 |   0.0 |       0 |      13 |   0.0 |   496
           D:3 |       0 |      12 |   0.0 |       0 |       6 |   0.0 |   101
               +---------+---------+-------+---------+---------+-------+---------
